 Dungeon Crawl Stone Soup version 0.30.0-10-gfe55d96785 (webtiles) character file.

Game seed: 15031825280711619918

803713 Kenran the Conqueror (level 27, -1/327 HPs)
             Began as a Minotaur Cinder Acolyte on May 16, 2023.
             Was the Champion of Jiyva.
             Killed from afar by a Hell Sentinel (31 damage)
             ... with damnation
             ... in Pandemonium.
             The game lasted 02:26:45 (64016 turns).

Kenran the Conqueror (Minotaur Cinder Acolyte)     Turns: 64016, Time: 02:26:45

Health: -1/327     AC: 54    Str: 28    XL:     27
Magic:  21/21      EV: 23    Int:  4    God:    Jiyva [******]
Gold:   2822       SH: 25    Dex: 17    Spells: 28/28 levels left

rFire   + + .        a - +9 broad axe (elec)
rCold   + + +        Y - +3 kite shield of Joihag {Fly Int-5 Slay+3 SInv}
rNeg    + . .        e - +11 gold dragon scales
rPois   +            k - +2 hat
rElec   .            T - +2 cloak of the Bagpipe {+Blink rPois rF+ rC+}
rCorr   +            V - +3 pair of gloves of the Wary Suns {rC+}
SInv    +            C - +2 pair of boots {Fly}
Will    +++..        K - amulet of Ruxol {Acrobat Rampage rN+ Will+} Stlth
                     N - +5 ring of evasion
HPRegen 2.34/turn    I - ring of Bidushi {rC+ Slay+4}
MPRegen 0.67/turn

%: acrobat, rampage
@: slimy (expiring), calling ooze, flying, hasted, studying Summonings, unable
to read, very quick
A: horns 2, retaliatory headbutt, large bone plates 1, agile 2, low MP 1, robust
2, shaggy fur 1, evolution 2, cold vulnerability 1, inability to read after
injury 1, MP-powered wands, engulf
}: 9/15 runes: serpentine, barnacled, slimy, silver, abyssal, demonic, magical,
fiery, dark
a: Renounce Religion, Evoke Blink, Oozemancy, Slimify


You were in Pandemonium.
You worshipped Jiyva.
Jiyva was exalted by your worship.
You visited 11 branches of the dungeon, and saw 53 of its levels.
You visited Pandemonium 1 time, and saw 13 of its levels.
You visited the Abyss 1 time.
You also visited: Bailey, Gauntlet and Ice Cave.

You collected 7718 gold pieces.
You spent 4896 gold pieces at shops.

Inventory:

Hand Weapons
 a - a +9 broad axe of electrocution (weapon)
 g - a +2 broad axe of protection
Armour
 e - +11 gold dragon scales (worn)
 k - a +2 hat (worn)
 C - a +2 pair of boots of flying (worn)
 T - the +2 cloak of the Bagpipe (worn) {+Blink rPois rF+ rC+}
   (You found it on level 3 of the Depths)

   rF:        It protects you from fire.
   rC:        It protects you from cold.
   rPois:     It protects you from poison.
   +Blink:    It lets you blink.
 V - the +3 pair of gloves of the Wary Suns (worn) {rC+}
   (You acquired it on level 2 of the Orcish Mines)

   rC:        It protects you from cold.
 Y - the +3 kite shield of Joihag (worn) {Fly Int-5 Slay+3 SInv}
   (You acquired it on level 1 of the Shoals)

   Int:       It affects your intelligence (-5).
   Slay:      It affects your accuracy & damage with ranged weapons and melee
   (+3).
   SInv:      It lets you see invisible.
   Fly:       It grants you flight.
Jewellery
 b - the ring "Zyny" {rElec rF- rN+ Int+8 Dex+6}
   (You found it on level 5 of the Vaults)

   [ring of dexterity]

   Int:       It affects your intelligence (+8).
   Dex:       It affects your dexterity (+6).
   rF:        It makes you vulnerable to fire.
   rElec:     It insulates you from electricity.
   rN:        It protects you from negative energy.
 i - the ring "Sifri" {rF+ rN+ Str+5 Dex+4}
   (You bought it in a shop on level 5 of the Vaults)

   [ring of positive energy]

   Str:       It affects your strength (+5).
   Dex:       It affects your dexterity (+4).
   rF:        It protects you from fire.
   rN:        It protects you from negative energy.
 u - a ring of positive energy
 I - the ring of Bidushi (right hand) {rC+ Slay+4}
   (You found it in Pandemonium)

   [ring of slaying]

   Slay:      It affects your accuracy & damage with ranged weapons and melee
   (+4).
   rC:        It protects you from cold.
 K - the amulet of Ruxol (around neck) {Acrobat Rampage rN+ Will+}
   (You bought it in a shop on level 3 of the Dungeon)

   [amulet of the acrobat]

   It increases your evasion while moving and waiting.
   rN:        It protects you from negative energy.
   Rampage:   It bestows one free step when moving towards enemies.
   Will:      It increases your willpower.
 N - a +5 ring of evasion (left hand)
 Q - the ring "Athepp" {rPois rC+ rCorr Dex+2}
   (You found it in an ice cave)

   [ring of resist corrosion]

   Dex:       It affects your dexterity (+2).
   rC:        It protects you from cold.
   rPois:     It protects you from poison.
   rCorr:     It protects you from acid and corrosion.
Wands
 m - a wand of flame (82)
 x - a wand of charming (37)
 D - a wand of roots (31)
 J - a wand of digging (13)
 O - a wand of polymorph (28)
 W - a wand of quicksilver (24)
 X - a wand of mindburst (19)
Scrolls
 p - 10 scrolls of poison
 t - 4 scrolls of fear
 v - 4 scrolls of fog
 w - 2 scrolls of summoning
 E - 17 scrolls of teleportation
 F - 9 scrolls of blinking
 L - 2 scrolls of magic mapping
 M - 6 scrolls of enchant weapon
 P - 8 scrolls of immolation {!r}
 S - 4 scrolls of silence
Potions
 d - 14 potions of lignification {!q}
 f - 4 potions of magic
 h - 7 potions of attraction {!q}
 j - 7 potions of brilliance
 l - 14 potions of curing {@q1}
 n - 12 potions of mutation {!q}
 o - 5 potions of haste
 z - 4 potions of might
 A - 5 potions of resistance
 G - 4 potions of ambrosia
 H - 3 potions of invisibility
Miscellaneous
 c - a phial of floods
 r - a lightning rod (4/4)
 s - a piece from Xom's chessboard (15/15)
 y - a box of beasts (inert)
 B - the horn of Geryon (inert)
 R - a phantom mirror


   Skills:
 O Level 27 Fighting
 - Level 9.0 Long Blades
 - Level 18.0 Axes
 O Level 27 Armour
 + Level 23.0 Dodging
 O Level 27 Shields
 - Level 1.0 Spellcasting
 - Level 2.1 Fire Magic
 + Level 22.4 Evocations


You had 28 spell levels left.
You didn't know any spells.
Your spell library contained the following spells:

 Spells                   Type           Power      Damage    Failure   Level
 Foxfire                  Conj/Fire      4%         2x1d4     88%         1
 Scorch                   Fire           2%         2d5       88%         2
 Apportation              Tloc           0%         N/A       96%         1
 Beastly Appendage        Tmut           0%         N/A       96%         1
 Freeze                   Ice            0%         1d3       96%         1
 Magic Dart               Conj           0%         1d3       96%         1
 Necrotise                Necr           0%         1d4       96%         1
 Sandblast                Erth           0%         2d4       96%         1
 Shock                    Conj/Air       0%         1d3       96%         1
 Sting                    Tmut/Pois      0%         1d3       96%         1
 Summon Small Mammal      Summ           0%         N/A       96%         1
 Call Imp                 Summ           0%         N/A       99%         2
 Cigotuvi's Dreadful Rot  Necr/Pois/Air  0%         N/A       99%         2
 Momentum Strike          Conj/Tloc      0%         3d8       99%         2
 Poisonous Vapours        Pois/Air       0%         N/A       99%         2
 Searing Ray              Conj           0%         2d4       99%         2
 Wereblood                Tmut           0%         N/A       99%         2
 Inner Flame              Hex/Fire       1%         N/A       99%         3
 Volatile Blastmotes      Fire/Tloc      2%         2d10      99%         3
 Dazzling Flash           Conj/Hex       0%         N/A       100%        3
 Frozen Ramparts          Ice            0%         1d1       100%        3
 Gell's Gravitas          Tloc           0%         N/A       100%        3
 Hailstorm                Conj/Ice       0%         3d3       100%        3
 Ignite Poison            Fire/Tmut/Pois 0%         N/A       100%        3
 Mephitic Cloud           Conj/Pois/Air  0%         N/A       100%        3
 Ozocubu's Armour         Ice            0%         N/A       100%        3
 Portal Projectile        Hex/Tloc       0%         N/A       100%        3
 Spider Form              Tmut/Pois      0%         N/A       100%        3
 Teleport Other           Tloc           0%         N/A       100%        3
 Tukima's Dance           Hex            0%         N/A       100%        3
 Vhi's Electric Charge    Tloc/Air       0%         N/A       100%        3
 Anguish                  Hex/Necr       0%         N/A       100%        4
 Cause Fear               Hex            0%         N/A       100%        4
 Dispel Undead            Necr           0%         3d6       100%        4
 Flame Wave               Conj/Fire      1%         2d4       100%        4
 Fulminant Prism          Conj/Hex       0%         3d5       100%        4
 Ice Form                 Ice/Tmut       0%         N/A       100%        4
 Iskenderun's Mystic Bla  Conj/Tloc      0%         2d3       100%        4
 Olgreb's Toxic Radiance  Pois           0%         N/A       100%        4
 Petrify                  Tmut/Erth      0%         N/A       100%        4
 Sticky Flame             Conj/Fire      1%         2d3       100%        4
 Summon Ice Beast         Ice/Summ       0%         N/A       100%        4
 Agony                    Necr           0%         N/A       100%        5
 Arcjolt                  Conj/Air       0%         1d10      100%        5
 Blade Hands              Tmut           0%         N/A       100%        5
 Fireball                 Conj/Fire      0%         3d3       100%        5
 Iskenderun's Battlesphe  Conj           0%         2d6       100%        5
 Metabolic Englaciation   Hex/Ice        0%         N/A       100%        5
 Silence                  Hex/Air        0%         N/A       100%        5
 Summon Forest            Summ/Tloc      0%         N/A       100%        5
 Summon Mana Viper        Hex/Summ       0%         N/A       100%        5
 Yara's Violent Unravell  Hex/Tmut       0%         3d3       100%        5
 Conjure Ball Lightning   Conj/Air       0%         3x3d6     100%        6
 Death Channel            Necr           0%         N/A       100%        6
 Dispersal                Tloc           0%         N/A       100%        6
 Plasma Beam              Fire/Air       0%         2x1d11    100%        6
 Simulacrum               Ice/Necr       0%         N/A       100%        6
 Starburst                Conj/Fire      0%         6d3       100%        6
 Statue Form              Tmut/Erth      0%         N/A       100%        6
 Summon Cactus Giant      Summ           0%         N/A       100%        6
 Dragon Form              Tmut           0%         N/A       100%        7
 Enfeeble                 Hex            0%         N/A       100%        7
 Monstrous Menagerie      Summ           0%         N/A       100%        7
 Discord                  Hex            0%         N/A       100%        8
 Disjunction              Tloc           0%         N/A       100%        8
 Ignition                 Fire           0%         3d3       100%        8
 Maxwell's Capacitive Co  Air            0%         ∞         100%        8
 Necromutation            Tmut/Necr      0%         N/A       100%        8
 Dragon's Call            Summ           0%         N/A       100%        9


Dungeon Overview and Level Annotations

Branches:
Dungeon (15/15)            Temple (0/1) D:4            Lair (5/5) D:11
 Shoals (4/4) Lair:2        Snake (4/4) Lair:2        Slime (5/5) Lair:5
    Orc (2/2) D:11            Elf (3/3) Orc:2        Vaults (5/5) D:13
  Crypt (0/3) Vaults:3     Depths (4/4) D:15           Hell (visited)
    Dis (0/7) Hell            Geh (0/7) Hell            Coc (0/7) Hell
    Tar (0/7) Hell            Zot (5/5) Depths:4     Bailey (visited)
  IceCv (visited)         Gauntlet (visited)

Altars:
Cheibriados
Dithmenos
Gozag
Nemelex Xobeh
Qazlal
Ru
Sif Muna
Uskayaw
Vehumet
Wu Jian
Xom
Jiyva
Lugonu

Shops:
D:1 ?   D:3 =(?!=   D:13 (   Orc:2 :*[?   Elf:3 (!(   Shoals:1 (   Shoals:2 ?
Snake:3 [:[   Snake:4 (   Vaults:1 (   Vaults:2 *:[[(   Vaults:3 [!=
Vaults:4 *   Vaults:5 =   Zot:5 *   Depths:4 =:=

Portals:
Hell: Depths:1 Depths:2 Depths:3 Depths:4
Abyss: Depths:1 Depths:3
Pandemonium: Depths:2
Ziggurat: Depths:1

Annotations:
D:13 exclusion: downstairs
Slime:3 Dissolution


Innate Abilities, Weirdness & Mutations

You have a pair of horns on your head.
You reflexively headbutt those who attack you in melee.
You are partially covered in large bone plates. (SH +4)
You are very agile. (Dex +8, Str/Int -2)
Your magical capacity is low. (-10% MP)
You are very robust. (+20% HP)
You are covered in fur. (AC +1)
You have great hidden genetic potential.
You are vulnerable to cold. (rC-)
You occasionally lose the ability to read scrolls when taking damage.
You expend magic power (3 MP) to strengthen your wands.
Your melee attacks may engulf your foes in ooze.


Message History

Your hell beast disappears in a puff of smoke!
The walls burn your hell beast!
Your hell beast disappears in a puff of smoke!
The walls burn your hell beast!
Your hell beast disappears in a puff of smoke!
The tormentor calls on the powers of darkness!
Your body is wracked with pain!
* * * LOW HITPOINT WARNING * * *
You feel better.
The walls burn the hell beast! x2
The hell beast skitters faintly, "Thy throat shall be my lunch!"
You open the lid... ...and a primal weirdsting beast leaps out!
The box is emptied!
The wall burns the Hell Sentinel!
The walls burn the hell beast!
Press: ? - help, v - describe, . - travel, g - get item
Here: a Hell Sentinel (grey smoke, lightly wounded)
Items here: a +0 vampiric demon trident; a +0 scale mail; a +0 kite shield.
The floor, spattered with blood.
You feel yourself speed up.
The walls burn the hell beast!
The wall burns the rust devil!
The walls burn your primal weirdsting beast!
Your primal weirdsting beast disappears in a puff of smoke!
You feel better.
The walls burn the Hell Sentinel!
The Hell Sentinel completely misses you.
The Hell Sentinel closely misses you.
You feel better.
Your slime is starting to congeal.
The walls burn the rust devil!
The walls burn the Hell Sentinel!
The Hell Sentinel gestures at you.
The sphere of damnation explodes!
The damnation engulfs you!!!
* * * LOW HITPOINT WARNING * * *
The damnation engulfs the Hell Sentinel.
The Hell Sentinel completely resists.
You feel better.
You slash the Hell Sentinel!
The Hell Sentinel is moderately wounded.
The walls burn the rust devil!
The walls burn the Hell Sentinel!
The Hell Sentinel gestures at you.
The sphere of damnation explodes!
The damnation engulfs you!!
You die... ≣) ..≣ ≣≣≣≣≣≣

.≣≣.≣≣≣≣.≣≣≣.....
.................
..........$...#
..........)...#
.........)....#
........4542...#
....≣≣#.###23..#
≣.....)@142..#
≣≣≣≣#.###....#
≣...○5≣....#
../....☼.....#
...............#
.............≣≣#
..........($...
............≣..
∩....[........≣


You could see a Hell Sentinel, a reaper, a rust devil, a smoke demon and a
tormentor.

Vanquished Creatures
  Cerebov (Pan)
  Ignacio (Pan)
  Gloorx Vloq (Pan)
  Lom Lobon (Pan)
  3 dread liches
  An ancient lich (Vaults:5)
  5 orbs of fire (Zot:5)
  3 juggernauts (Depths:4)
  5 Killer Klowns (Zot:5)
  Saint Roka (Orc:1)
  4 pandemonium lords (Pan)
  4 golden dragons
  Geryon (Hell)
  The ghost of Caat Rau the Warrior, an adept DgCj (Depths:4)
  Nikola (Elf:1)
  2 bone dragons (Abyss:3)
  2 Brimstone Fiends (Pan)
  3 electric golems
  2 hellephants (Depths:3)
  A Tzitzimitl (Pan)
  4 Ice Fiends (Pan)
  Jorgrun (Orc:1)
  A shard shrike skeleton (Abyss:3)
  25 Orb Guardians (Zot:5)
  17 tentacled monstrosities
  2 walking crystal tomes (Depths:3)
  5 liches
  Mlioglotl (Shoals:2)
  Rupert (Lair:4)
  3 deep elf blademasters
  11 titans
  5 quicksilver dragons
  2 deep elf master archers (Elf:3)
  The ghost of Soawkar the Warrior, an adept GrFi of Okawaru (Snake:1)
  A walking frostbound tome (Depths:3)
  A kraken (Shoals:4)
  8 tentacled starspawn
  7 death cobs
  Agnes (D:14)
  Kirke (Lair:4)
  4 sphinxes
  Gastronok (Lair:2)
  The ghost of Barug the Brawler, an adept TrMo of Nemelex Xobeh (Depths:4)
  13 Executioners
  7 tengu reavers
  4 draconian monks
  9 storm dragons
  8 shadow dragons
  A revenant (Hell)
  3 demonspawn warmongers (Pan)
  13 frost giants
  Donald (Elf:3)
  An iron dragon (Vaults:5)
  7 fire giants
  3 draconian knights
  8 nagarajas
  2 daevas
  6 deep elf sorcerers
  Aizul (Shoals:1)
  23 vault wardens
  13 balrugs
  3 draconian scorchers
  5 draconian stormcallers
  A caustic shrike zombie (Abyss:3)
  7 ghost moths
  8 demonspawn corrupters (Pan)
  An orc warlord (Orc:2)
  A spriggan defender (Depths:2)
  6 draconian shifters
  23 ironbound preservers
  15 cacodemons
  3 war gargoyles
  8 draconian annihilators
  5 deep elf elementalists
  29 very ugly things
  Nessos (D:14)
  5 vampire knights
  4 reapers
  15 stone giants
  6 demonspawn blood saints (Pan)
  8 ironbound thunderhulks
  10 demonspawn black suns (Pan)
  17 black draconians
  11 green draconians
  8 red draconians
  17 white draconians
  5 deep elf demonologists
  8 lorocyprocas
  17 deep elf annihilators
  11 purple draconians
  15 yellow draconians
  Azrael (D:14)
  13 dire elephants
  2 minotaurs
  2 iron golems
  10 blizzard demons
  4 spark wasps
  4 deep elf death magi (Elf:3)
  8 ettins
  A crystal guardian (Hell)
  13 fire dragons
  4 green deaths
  The ghost of flinch the Thaumaturge, a journeyman DjIE of Cheibriados (D:11)
  3 jiangshi (Abyss:1)
  11 merfolk impalers
  Josephine (D:12)
  2 entropy weavers
  The ghost of Winged the Fighter, a journeyman DrTm of Gozag (Lair:3)
  3 merfolk javelineers (Shoals:4)
  7 deep elf high priests
  41 vault guards
  5 rakshasas
  10 hydras
  10 yaktaur captains
  2 spriggan air magi (Depths:2)
  Erolcha (Orc:2)
  12 ice dragons
  3 salamander tyrants
  2 alligator snapping turtles
  3 hell beasts
  2 peacekeepers (Vaults:4)
  An elf skeleton (Hell)
  7 ironbound frosthearts
  3 anacondas
  2 ogre magi (Vaults:5)
  3 boulder beetles
  3 centaur warriors
  3 death yaks (Lair:5)
  2 spriggan skeletons (Pan)
  34 dancing weapons
  A fenstrider witch skeleton (Pan)
  7 two-headed ogres
  2 satyrs
  3 merfolk avatars (Shoals:4)
  2 catoblepae
  5 merfolk aquamancers
  7 tengu warriors
  20 hell hogs
  4 orc high priests
  2 deep troll shamans (Depths:1)
  11 thrashing horrors
  6 vampire magi
  13 deep elf knights
  15 naga warriors
  3 deep troll earth magi
  9 naga sharpshooters
  Sonja (Lair:4)
  6 spriggan berserkers
  4 spriggans
  4 shock serpents
  28 soul eaters
  10 wretched stars
  4 skysharks
  42 sun demons
  4 hell knights
  9 iron trolls
  3 salamander mystics (Snake:4)
  21 sixfirhies
  A fire crab (Lair:5)
  14 sea snakes
  A golden dragon zombie (Depths:3)
  7 shadow wraiths
  7 shadow demons
  4 skeletal warriors (D:15)
  2 spatial maelstroms
  An anaconda zombie (Hell)
  An orb spider (Abyss:1)
  A death drake (Abyss:3)
  68 deep trolls
  4 orange crystal statues
  A kraken simulacrum (Hell)
  10 deep elf archers
  11 ironbound convokers
  5 phantasmal warriors
  2 spark wasp zombies (Depths:3)
  10 harpies
  9 lindwurms
  6 wizards
  5 necromancers
  5 naga ritualists
  A tengu zombie (Depths:3)
  2 wolf spiders
  5 orc knights
  3 anaconda skeletons (Hell)
  19 deep elf zephyrmancers
  24 deep elf pyromancers
  14 salamanders
  2 will-o-the-wisps (Abyss:3)
  7 mana vipers
  9 cyclopes
  19 fauns
  2 orc sorcerers (Elf:1)
  43 ugly things
  23 manticores
  5 rust devils
  19 vault sentinels
  26 moths of wrath
  3 worldbinders
  A dire elephant zombie (Hell)
  5 merfolk sirens
  3 water nymphs
  20 elephants
  Joseph (D:8)
  31 black mambas
  6 demonic crawlers (Pan)
  5 guardian serpents
  2 ice statues (Shoals:3)
  24 naga magi
  5 molten gargoyles (Hell)
  2 stone giant skeletons (Pan)
  16 orange demons
  6 storm dragon simulacra
  A gargoyle (Gauntlet)
  41 smoke demons
  A water nymph (shapeshifter) (Vaults:5)
  12 cane toads
  A dire elephant skeleton (Abyss:1)
  4 hellions
  A centaur skeleton (Hell)
  5 rime drakes
  6 unseen horrors
  A sea snake zombie (Hell)
  An unseen horror (shapeshifter) (Abyss:3)
  9 komodo dragons
  24 yaktaurs
  3 tormentors (Pan)
  9 efreet
  7 kobold demonologists
  A freezing wraith (Vaults:5)
  8 ice devils
  3 red devils (Pan)
  A hydra zombie (Hell)
  4 ancient zymes
  7 golden dragon simulacra
  A queen bee (shapeshifter) (D:15)
  4 polar bears (Lair:4)
  3 meliai (D:15)
  9 wind drakes
  A tyrant leech (Lair:2)
  30 merfolk
  10 trolls
  23 blink frogs
  11 hellwings
  A tarantella (shapeshifter) (D:13)
  11 snapping turtles
  15 dream sheep
  Grinder (D:6)
  15 hornets
  An alligator zombie (Hell)
  23 raiju
  Sigmund (D:2)
  11 slime creatures
  19 small abominations
  21 ynoxinuls
  2 air elementals
  10 flying skulls
  66 large abominations
  25 water elementals
  A vampire (D:13)
  A dire elephant simulacrum (Abyss:1)
  A shadow (D:11)
  6 wyverns
  31 yaks
  17 fire elementals
  4 fire bats
  7 wraiths
  6 hogs (Lair:4)
  4 basilisks
  2 sea snake simulacra (Hell)
  2 chaos spawn
  2 redbacks (Vaults:4)
  5 spatial vortices (Abyss:3)
  5 neqoxecs
  6 wargs
  2 steam dragons
  4 swamp worms
  22 vampire mosquitoes
  35 nagas
  An acid dragon (D:10)
  Edmund (D:5)
  9 hell hounds
  2 naga skeletons
  18 water moccasins
  Duvessa (D:6)
  3 sky beasts
  A glowing shapeshifter skeleton (Vaults:5)
  49 orc warriors
  An ice beast (D:5)
  26 wolves
  7 boggarts
  5 ice dragon simulacra (IceCv)
  9 ogres
  19 centaurs
  4 kobold brigands
  Blork the orc (D:6)
  17 bullfrogs
  2 gnoll sergeants (D:9)
  A scorpion (D:5)
  4 earth elementals
  A human skeleton (Vaults:5)
  8 wights (D:8)
  Dowan (D:6)
  9 killer bees
  5 lindwurm simulacra (IceCv)
  A vampire bat (Abyss:3)
  13 electric eels
  4 quasits
  7 hounds
  13 orc priests
  31 starcursed masses
  7 jellies
  2 iron imps
  Jessica (D:2)
  2 iguanas
  2 sleepcaps
  Terence (D:2)
  16 orc wizards
  2 lightning spires (Gauntlet)
  17 gnolls
  5 adders
  5 white imps
  6 ufetubi
  2 worms (D:2)
  2 dart slugs (D:3)
  83 orcs
  8 bats
  5 endoplasms
  A giant cockroach (D:6)
  32 goblins
  26 hobgoblins
  2 jackals (D:2)
  23 kobolds
  3 quokkas
  3 training dummies (Snake:4)
  6 ball pythons
  4 frilled lizards
  7 rats
  A ball lightning (Pan)
  3 butterflies (Abyss:3)
  3 lurking horrors
  3 spectral weapons (Zot:5)
  10 starspawn tentacles
  A tentacle (Shoals:4)
2752 creatures vanquished.

Vanquished Creatures (collateral kills)
  A dread lich (Zot:5)
  A Killer Klown (Zot:5)
  A Tzitzimitl (Pan)
  An Ice Fiend (Pan)
  A blizzard demon (Pan)
  2 naga warriors (Snake:4)
  A naga sharpshooter (Snake:4)
  A soul eater (Pan)
  A sixfirhy (Pan)
  A shadow demon (Pan)
  2 large abominations (Pan)
  An orange demon (Pan)
  A hellwing (Pan)
15 creatures vanquished.

Vanquished Creatures (others)
  A golden dragon (Zot:4)
  An acid blob (Pan)
  A deep elf master archer (Elf:3)
  An Executioner (Pan)
  An ironbound preserver (Vaults:4)
  2 ironbound thunderhulks (Vaults:1)
  A deep elf death mage (Elf:3)
  7 great orbs of eyes
  A yaktaur captain (Vaults:2)
  A thrashing horror (Abyss:3)
  9 glowing orange brains
  A sixfirhy (Abyss:1)
  A shadow wraith (Pan)
  A sea snake (Shoals:2)
  A sea snake (shapeshifter) (Vaults:5)
  A deep elf archer (Elf:3)
  2 shadow demons (Abyss:3)
  2 deep elf pyromancers (Elf:1)
  2 ironbound convokers
  A wizard (Vaults:3)
  2 shining eyes (Abyss:3)
  A manticore (Shoals:2)
  2 demonic crawlers (Pan)
  2 vault sentinels (Vaults:3)
  An unseen horror (Abyss:3)
  A smoke demon (Pan)
  An eye of devastation (Abyss:3)
  A yaktaur (Vaults:3)
  A blink frog (Abyss:3)
  3 large abominations (Abyss:3)
  25 slime creatures
  A fire dragon skeleton (Pan)
  A culicivora (shapeshifter) (Elf:3)
  A spriggan (shapeshifter) (Elf:1)
  6 small abominations (Abyss:3)
  A fire elemental (Elf:1)
  3 fire bats (Abyss:3)
  6 golden eyes
  A chaos spawn (Abyss:3)
  A swamp worm (shapeshifter) (Vaults:5)
  3 floating eyes (Abyss:3)
  An orc warrior (Elf:1)
  A boggart (Vaults:3)
  191 jellies
  An ufetubus (Abyss:3)
  An orc (Elf:1)
  A goblin (Depths:1)
  5 ball lightnings (Pan)
  65 foxfires
  2 lurking horrors (Abyss:3)
  11 starspawn tentacles
  7 tentacles
388 creatures vanquished.

Grand Total: 3155 creatures vanquished

Notes
Turn   | Place    | Note
-------+----------+-------------------------------------------
     0 | D:1      | Kenran the Minotaur Cinder Acolyte began the quest for the
                  | Orb.
     0 | D:1      | Reached XP level 1. HP: 19/19 MP: 1/1
   141 | D:1      | Found Ume Zuucsyve's Magic Scroll Emporium.
   171 | D:1      | Reached XP level 2. HP: 26/26 MP: 2/2
   684 | D:2      | Reached skill level 5 in Long Blades
   694 | D:2      | Reached XP level 3. HP: 31/31 MP: 3/3
   780 | D:2      | Noticed Jessica
   784 | D:2      | Killed Jessica
   846 | D:2      | Noticed Sigmund
   868 | D:2      | Killed Sigmund
   869 | D:2      | Reached XP level 4. HP: 22/39 MP: 4/4
   869 | D:2      | Reached XP level 5. HP: 26/45 MP: 5/5
   952 | D:2      | Noticed Terence
   962 | D:2      | Killed Terence
  1059 | D:2      | Reached XP level 6. HP: 51/51 MP: 6/6
  1208 | D:2      | Found a faded altar of an unknown god.
  1302 | D:3      | Found Roduwk's Magic Scroll Boutique.
  1341 | D:3      | Found Ruingoik's Jewellery Emporium.
  1461 | D:3      | Found Baecy's Distillery.
  1469 | D:3      | Bought a potion of curing for 39 gold pieces
  1535 | D:3      | Identified the +0 ring mail of the Arcane {Str+3 Dex-2}
  1706 | D:3      | Found an opulent altar of Gozag.
  1822 | D:3      | Found Sicsengu's Jewellery Shop.
  2086 | D:3      | Found Jadeamn's Weapon Boutique.
  2362 | D:4      | Found a staircase to the Ecumenical Temple.
  2588 | D:5      | Entered Level 5 of the Dungeon
  2613 | D:5      | Identified the +0 robe of the Assorted Spirits {rN+}
  3171 | D:5      | Reached skill level 5 in Fighting
  3171 | D:5      | Reached XP level 7. HP: 51/61 MP: 7/7
  3426 | D:5      | Noticed Edmund
  3441 | D:5      | Killed Edmund
  3657 | D:6      | Reached skill level 1 in Axes
  3657 | D:6      | Reached skill level 1 in Armour
  3734 | D:6      | Found a sacrificial altar of Ru.
  3759 | D:6      | Noticed Duvessa
  3759 | D:6      | Noticed Dowan
  3769 | D:6      | Killed Duvessa
  3769 | D:6      | Killed Dowan
  3770 | D:6      | Reached XP level 8. HP: 36/73 MP: 8/8
  3981 | D:6      | Noticed Blork the orc
  3986 | D:6      | Killed Blork the orc
  3994 | D:6      | Noticed Grinder
  4007 | D:6      | Killed Grinder
  4155 | D:6      | Reached skill level 5 in Axes
  5195 | D:7      | Reached XP level 9. HP: 67/81 MP: 9/9
  5196 | D:7      | Found a stormy altar of Qazlal.
  5254 | D:7      | Reached skill level 5 in Armour
  5284 | D:7      | Identified the +7 plate armour of the Dancing Gods {rElec
                  | rPois Int+2}
  5343 | D:7      | Found a flagged portal.
  5361 | Bailey   | Entered a bailey
  5673 | Bailey   | Noticed an orc knight
  5692 | Bailey   | Killed an orc knight
  5693 | Bailey   | Reached skill level 10 in Axes
  5728 | Bailey   | Noticed an orc warlord
  6499 | D:8      | Identified the +1 dagger of the Morning {distort, rCorr
                  | SInv}
  6505 | D:8      | Reached XP level 10. HP: 86/88 MP: 10/10
  7098 | D:8      | Noticed Joseph
  7113 | D:8      | Killed Joseph
  7272 | D:8      | Noticed a boulder beetle
  7278 | D:8      | Killed a boulder beetle
  7449 | D:3      | Bought a scroll of identify for 24 gold pieces
  7449 | D:3      | Bought a scroll of identify for 24 gold pieces
  7449 | D:3      | Bought a scroll of identify for 24 gold pieces
  7449 | D:3      | Bought a scroll of teleportation for 36 gold pieces
  7554 | D:3      | Identified a scroll of acquirement
  7554 | D:3      | Acquired 344 gold pieces
  7562 | D:3      | Bought a +2 broad axe of electrocution for 286 gold pieces
  7764 | D:9      | Found a sparkling altar of Nemelex Xobeh.
  7888 | D:9      | Found a shadowy altar of Dithmenos.
  8059 | D:9      | Noticed a two-headed ogre
  8070 | D:9      | Killed a two-headed ogre
  8071 | D:9      | Reached skill level 10 in Fighting
  8071 | D:9      | Reached XP level 11. HP: 57/99 MP: 11/11
  8219 | D:9      | Noticed a red ugly thing
  8230 | D:9      | Killed a red ugly thing
  8461 | D:9      | Noticed a sixfirhy
  8777 | D:9      | Identified the staff of fire "Qutserr" {rElec rF+ Int+4}
  8929 | D:10     | Entered Level 10 of the Dungeon
  8994 | D:10     | Noticed a green ugly thing
  9008 | D:10     | Killed a green ugly thing
  9009 | D:10     | Reached skill level 10 in Armour
  9226 | D:10     | Reached skill level 1 in Dodging
  9365 | D:10     | Identified the +8 short sword of the Eleven Prophets
                  | {freeze, Dex+5}
  9638 | D:11     | Found a runed translucent gate.
  9638 | D:11     | Found a runed translucent gate.
  9640 | D:11     | Found a runed translucent gate.
  9653 | D:11     | Identified the +0 chain mail of Doxtaste {MP-9 Int+6}
  9671 | D:11     | Noticed a minotaur
  9671 | D:11     | Noticed flinch's ghost (journeyman DjIE)
  9705 | D:11     | Noticed a white ugly thing
  9718 | D:11     | Killed a white ugly thing
  9956 | D:11     | Found a staircase to the Orcish Mines.
 10014 | D:11     | Reached XP level 12. HP: 112/112 MP: 12/12
 10024 | D:11     | Found a staircase to the Lair.
 10046 | D:11     | Acquired the +1 cloak of Servitude {rN++ Dex+2}
 10268 | D:11     | Noticed a seven-headed hydra
 10277 | D:11     | Killed a five-headed hydra
 10566 | Lair:1   | Entered Level 1 of the Lair of Beasts
 10649 | Lair:1   | Reached skill level 15 in Axes
 10785 | Lair:1   | Noticed a boulder beetle
 10805 | Lair:1   | Killed a boulder beetle
 11130 | Lair:1   | Reached skill level 1 in Evocations
 11678 | Lair:2   | Noticed Gastronok
 11714 | Lair:2   | Killed Gastronok
 11840 | Lair:2   | You fall into a shaft and drop 2 floors!
 11905 | Lair:4   | Reached XP level 13. HP: 74/122 MP: 13/13
 12043 | Lair:4   | Noticed Sonja
 12050 | Lair:4   | Killed Sonja
 12051 | Lair:4   | Reached skill level 5 in Evocations
 12069 | Lair:4   | Noticed Rupert
 12087 | Lair:4   | Killed Rupert
 12121 | Lair:4   | Noticed Kirke
 12147 | Lair:4   | Killed Kirke
 12148 | Lair:4   | Reached skill level 15 in Fighting
 12750 | Lair:3   | Found a large runed translucent door.
 12750 | Lair:3   | Found a large runed translucent door.
 12946 | Lair:2   | Found a staircase to the Snake Pit.
 13128 | Lair:2   | Found a staircase to the Shoals.
 13164 | Lair:2   | Found an ornate altar of the Wu Jian Council.
 13830 | D:7      | Identified the +5 war axe of Propriety {venom, *Rage rElec
                  | Int+2 Dex+3}
 14517 | Lair:3   | Noticed Winged's ghost (journeyman DrTm)
 15038 | Lair:5   | Entered Level 5 of the Lair of Beasts
 15055 | Lair:5   | Found a staircase to the Slime Pits.
 15090 | Lair:5   | Found a viscous altar of Jiyva.
 15259 | Lair:5   | Reached skill level 15 in Armour
 15259 | Lair:5   | Reached XP level 14. HP: 115/137 MP: 14/14
 17072 | D:12     | Found a gate leading to a gauntlet.
 17137 | Gauntlet | Entered a Gauntlet
 17137 | Gauntlet | Found a transporter.
 17149 | Gauntlet | Found a transporter.
 17149 | Gauntlet | Found a transporter.
 17150 | Gauntlet | Found a transporter.
 17158 | Gauntlet | Found a transporter.
 17161 | Gauntlet | Found a transporter.
 17162 | Gauntlet | Found a transporter.
 17170 | Gauntlet | Found a transporter.
 17173 | Gauntlet | Found a transporter.
 17174 | Gauntlet | Found a transporter.
 17182 | Gauntlet | Found a transporter.
 17185 | Gauntlet | Found a transporter.
 17186 | Gauntlet | Found a transporter.
 17194 | Gauntlet | Found a transporter.
 17474 | Gauntlet | Got the Tractate on Destruction
 17618 | Gauntlet | Identified the +5 battleaxe of the Purple Skies {flame,
                  | rN++ Int-2}
 17632 | Gauntlet | Found the +8 Wrath of Trog {antimagic, *Rage Rampage}
 17796 | D:12     | Noticed Josephine
 17805 | D:12     | Killed Josephine
 18628 | D:13     | Found Ywkial's Antique Weapon Shop.
 18889 | D:13     | Found a gate to the Vaults.
 18909 | D:13     | Reached XP level 15. HP: 155/155 MP: 15/15
 18941 | D:13     | Reached skill level 1 in Shields
 19318 | D:14     | Noticed Nessos
 19399 | D:14     | Noticed Azrael
 19411 | D:14     | Killed Azrael
 19412 | D:14     | Reached skill level 5 in Dodging
 19426 | D:14     | Noticed Agnes
 19607 | Orc:1    | Entered Level 1 of the Orcish Mines
 19815 | Orc:2    | Entered Level 2 of the Orcish Mines
 19842 | Orc:2    | Noticed Saint Roka
 20010 | Orc:1    | Killed Saint Roka
 20429 | Orc:2    | Noticed Erolcha
 20444 | Orc:2    | Killed Erolcha
 20552 | Orc:2    | Found a staircase to the Elven Halls.
 20681 | Orc:2    | Noticed Jorgrun
 20828 | Orc:1    | Killed Jorgrun
 21300 | Orc:2    | Found Xawaphustra's General Store.
 21300 | Orc:2    | Found Qimow's Armour Shop.
 21302 | Orc:2    | Found Zozukk's Magic Scroll Boutique.
 21304 | Orc:2    | Found Itzett's Book Shoppe.
 21308 | Orc:2    | Bought a potion of cancellation for 120 gold pieces
 21308 | Orc:2    | Bought a scroll of enchant weapon for 112 gold pieces
 21308 | Orc:2    | Bought a scroll of blinking for 112 gold pieces
 21308 | Orc:2    | Bought a potion of curing for 45 gold pieces
 21391 | Orc:2    | Bought a +0 pair of boots of flying for 126 gold pieces
 21410 | Orc:2    | Bought a scroll of identify for 22 gold pieces
 21411 | Orc:2    | Bought a scroll of enchant armour for 82 gold pieces
 21411 | Orc:2    | Bought a scroll of acquirement for 572 gold pieces
 21411 | Orc:2    | Acquired the +3 pair of gloves of the Wary Suns {rC+}
 21672 | D:14     | Found a hide-covered altar of Uskayaw.
 21918 | D:14     | Killed Agnes
 21919 | D:14     | Reached skill level 5 in Shields
 22204 | D:14     | Killed Nessos
 22448 | D:15     | Entered Level 15 of the Dungeon
 23167 | D:15     | Identified the +0 ring mail of Vanity {Fly}
 23328 | D:15     | Found a staircase to the Depths.
 23335 | D:15     | Reached XP level 16. HP: 162/162 MP: 16/16
 23593 | Snake:1  | Entered Level 1 of the Snake Pit
 23902 | Snake:1  | Noticed Soawkar's ghost (adept GrFi)
 23946 | Snake:1  | Found a transporter.
 23954 | Snake:1  | Found a transporter.
 24160 | Snake:1  | Reached skill level 10 in Shields
 24590 | Snake:2  | Identified the +1 morningstar of Darkness {heavy, rF+}
 26216 | Snake:3  | Found Egulif's Antique Armour Shop.
 26218 | Snake:3  | Found Raqia's Book Boutique.
 26221 | Snake:3  | Found Ivyxt's Antique Armour Shop.
 26737 | Snake:3  | Reached skill level 10 in Dodging
 27312 | Snake:4  | Entered Level 4 of the Snake Pit
 27663 | Snake:4  | Found Risott's Firing Range.
 27716 | Snake:4  | Identified the +0 leather armour of Yghisuid {+Inv rN+
                  | Int-2 Dex+6}
 28215 | Snake:4  | Reached XP level 17. HP: 153/170 MP: 17/17
 28715 | Snake:4  | Reached skill level 15 in Shields
 28833 | Snake:4  | Got a serpentine rune of Zot
 29089 | Snake:1  | Killed Soawkar's ghost
 29098 | Snake:1  | Identified the ring "Xueq Kil" {Fly Str+2 Dex+3}
 29239 | D:11     | Killed flinch's ghost
 29346 | Lair:3   | Killed Winged's ghost
 29416 | Shoals:1 | Entered Level 1 of the Shoals
 29595 | Shoals:1 | Acquired the +3 kite shield of Joihag {Fly Int-5 Slay+3
                  | SInv}
 29642 | Shoals:1 | Found Buvumos's Antique Weapon Boutique.
 30185 | Shoals:1 | Noticed Aizul
 30199 | Shoals:1 | Killed Aizul
 30534 | Shoals:2 | Noticed Mlioglotl
 30540 | Shoals:2 | Noticed a Hell Sentinel
 30548 | Shoals:2 | Killed Mlioglotl
 31052 | Shoals:2 | Found Hefige's Magic Scroll Shoppe.
 31547 | Shoals:3 | Found a frozen archway.
 31567 | Shoals:3 | Reached XP level 18. HP: 125/178 MP: 18/18
 31568 | IceCv    | Entered an ice cave
 32125 | IceCv    | Identified the ring "Athepp" {rPois rC+ rCorr Dex+2}
 32244 | IceCv    | Identified the amulet "Gynepar" {Faith rElec rC+ Stlth+}
 32912 | Shoals:3 | Identified the +2 robe of the Immovable Loafs {rCorr Int+3
                  | Dex+3}
 33192 | Shoals:4 | Entered Level 4 of the Shoals
 33858 | Shoals:4 | Identified the +11 flail of Laceration {heavy, Will+ Str+9
                  | Int-5 Dex+2}
 34200 | Shoals:4 | Got a barnacled rune of Zot
 34307 | Shoals:4 | Identified the +12 short sword of Keeleithev {speed, rF+
                  | rCorr Int+4}
 35066 | D:3      | Bought the amulet of Ruxol {Acrobat Rampage rN+ Will+} for
                  | 514 gold pieces
 35469 | Snake:3  | Bought a manual of Fighting for 1120 gold pieces
 35681 | Vaults:1 | Entered Level 1 of the Vaults
 36233 | Lair:5   | Fell from the grace of Ignis
 36233 | Lair:5   | Became a worshipper of Jiyva Jietz the Shapeless
 36630 | Vaults:1 | You are sucked into a shaft and drop 1 floor!
 36662 | Vaults:2 | Reached XP level 19. HP: 173/195 MP: 19/19
 36751 | Vaults:2 | Found Sehiski's Weapon Boutique.
 37244 | Vaults:2 | Reached * piety under Jiyva
 37338 | Vaults:2 | Found Ceurr's Assorted Antiques.
 37524 | Vaults:2 | Reached ** piety under Jiyva
 37621 | Vaults:2 | Found Dolausaq's Armour Shoppe.
 37637 | Vaults:2 | Found Paplier's Antique Armour Emporium.
 37652 | Vaults:2 | Found Topnas's Book Shop.
 37783 | Vaults:1 | Found Boytt's Weapon Shoppe.
 38107 | Vaults:1 | You are sucked into a shaft and drop 1 floor!
 38286 | Vaults:3 | Reached *** piety under Jiyva
 38470 | Vaults:3 | Found Publiura's Jewellery Emporium.
 38488 | Vaults:3 | Gained mutation: You are partially covered in large bone
                  | plates. (SH +4) [Jiyva's grace]
 38488 | Vaults:3 | Gained mutation: You are mostly covered in large bone
                  | plates. (SH +6) [Jiyva's grace]
 38488 | Vaults:3 | Gained mutation: You are completely covered in large bone
                  | plates. (SH +8) [Jiyva's grace]
 38488 | Vaults:3 | Gained mutation: You expend magic power (3 MP) to
                  | strengthen your wands. [Jiyva's grace]
 38620 | Vaults:3 | Found Nyof's Distillery.
 38654 | Vaults:3 | Bought a potion of curing for 36 gold pieces
 38654 | Vaults:3 | Bought a potion of cancellation for 96 gold pieces
 38654 | Vaults:3 | Bought a potion of haste for 120 gold pieces
 38655 | Vaults:3 | You are sucked into a shaft and drop 1 floor!
 38655 | Vaults:4 | Was forgiven by Ignis
 38789 | Vaults:4 | Reached skill level 10 in Evocations
 38958 | Vaults:4 | Reached **** piety under Jiyva
 38998 | Vaults:4 | Reached XP level 20. HP: 173/214 MP: 20/20
 39278 | Vaults:3 | Found a staircase to the Crypt.
 39306 | Vaults:3 | Found Neis's Antique Armour Emporium.
 39518 | Vaults:3 | Noticed an ancient lich
 39540 | Vaults:3 | Slimified an ancient lich
 39540 | Vaults:3 | an ancient lich changed into an acid blob
 40147 | Vaults:4 | Found Qydostel's General Store.
 40155 | Vaults:4 | Bought a scroll of blinking for 150 gold pieces
 40155 | Vaults:4 | Bought a scroll of teleportation for 60 gold pieces
 40224 | Vaults:4 | Reached skill level 27 in Fighting
 40445 | Vaults:4 | Lost mutation: You are completely covered in large bone
                  | plates. (SH +8) [Jiyva's grace]
 40445 | Vaults:4 | Lost mutation: You are mostly covered in large bone plates.
                  | (SH +6) [Jiyva's grace]
 40445 | Vaults:4 | Lost mutation: You expend magic power (3 MP) to strengthen
                  | your wands. [Jiyva's grace]
 40445 | Vaults:4 | Gained mutation: You have acidic saliva. [Jiyva's grace]
 40445 | Vaults:4 | Gained mutation: You are strong-willed. (Will+) [Jiyva's
                  | grace]
 40445 | Vaults:4 | Gained mutation: You are highly strong-willed. (Will++)
                  | [Jiyva's grace]
 40445 | Vaults:4 | Gained mutation: You are extremely strong-willed. (Will+++)
                  | [Jiyva's grace]
 40502 | Vaults:4 | Reached ***** piety under Jiyva
 40780 | Depths:1 | Entered Level 1 of the Depths
 40780 | Depths:1 | Noticed a dread lich
 40780 | Depths:1 | Found a one-way gateway to a ziggurat.
 40794 | Depths:1 | Killed a dread lich
 40805 | Depths:1 | Found a one-way gate to the infinite horrors of the Abyss.
 40896 | Depths:1 | Found a gateway to Hell.
 41664 | Depths:1 | Identified the +7 trident of Weesh {venom, Contam rN+ Int+2
                  | Dex+5}
 41970 | Depths:1 | Found a shimmering altar of Xom.
 42084 | Depths:2 | Reached XP level 21. HP: 224/224 MP: 21/21
 42116 | Depths:2 | Found a one-way gate leading to the halls of Pandemonium.
 42358 | Depths:2 | Lost mutation: You have acidic saliva. [Jiyva's grace]
 42358 | Depths:2 | Gained mutation: You are somewhat resistant to further
                  | mutation. [Jiyva's grace]
 42358 | Depths:2 | Gained mutation: You are somewhat resistant to both further
                  | mutation and mutation removal. [Jiyva's grace]
 42358 | Depths:2 | Gained mutation: You are almost entirely resistant to
                  | further mutation and mutation removal. [Jiyva's grace]
 42358 | Depths:2 | Gained mutation: Armour fits poorly on your pseudopods.
                  | [Jiyva's grace]
 43067 | Depths:2 | Found a stormy altar of Qazlal.
 43094 | Depths:2 | Got the Directory of the Conflagrant Sixfirhy
 43498 | Depths:3 | Reached ****** piety under Jiyva
 43813 | Depths:3 | Noticed a golden dragon
 43821 | Depths:3 | Killed a golden dragon
 43857 | Depths:3 | Identified the +2 cloak of the Bagpipe {+Blink rPois rF+
                  | rC+}
 44197 | D:3      | Bought a scroll of enchant armour for 90 gold pieces
 44197 | D:3      | Bought a scroll of fog for 48 gold pieces
 44467 | Slime:1  | Entered Level 1 of the Pits of Slime
 44681 | Slime:2  | Found a corrupted altar of Lugonu.
 44812 | Slime:3  | Noticed Dissolution
 44963 | Slime:5  | Entered Level 5 of the Pits of Slime
 45047 | Slime:5  | Found a viscous altar of Jiyva.
 45053 | Slime:5  | Identified the scarf of the Slorg {harm, rCorr}
 45060 | Slime:5  | Identified the +1 pair of gloves of Spite {rPois}
 45071 | Slime:5  | Got a slimy rune of Zot
 45072 | Slime:5  | Identified the ring "Iregid" {+Blink rCorr Str+3}
 45078 | Slime:5  | Found the +8 longbow "Zephyr" {speed, Dex+3 SInv}
 45081 | Slime:5  | Identified the +7 dagger "Yciuvac" {drain, rCorr Str+2}
 45082 | Slime:5  | Identified the +1 leather armour "Wefut" {rElec}
 45354 | Elf:1    | Entered Level 1 of the Elven Halls
 45374 | Elf:1    | Found a radiant altar of Vehumet.
 45482 | Elf:1    | You are sucked into a shaft and drop 1 floor!
 45993 | Elf:1    | Lost mutation: You are partially covered in large bone
                  | plates. (SH +4) [Jiyva's grace]
 45993 | Elf:1    | Lost mutation: You are extremely strong-willed. (Will+++)
                  | [Jiyva's grace]
 45993 | Elf:1    | Lost mutation: You are almost entirely resistant to further
                  | mutation and mutation removal. [Jiyva's grace]
 45993 | Elf:1    | Lost mutation: Armour fits poorly on your pseudopods.
                  | [Jiyva's grace]
 45993 | Elf:1    | Gained mutation: You are partially covered in iridescent
                  | scales. (AC +2) [Jiyva's grace]
 45993 | Elf:1    | Gained mutation: You are mostly covered in iridescent
                  | scales. (AC +4) [Jiyva's grace]
 45993 | Elf:1    | Gained mutation: You are completely covered in iridescent
                  | scales. (AC +6) [Jiyva's grace]
 45993 | Elf:1    | Gained mutation: Your body has grown eyes which may confuse
                  | attackers. (Acc +3) [Jiyva's grace]
 46174 | Elf:1    | Noticed Nikola
 46181 | Elf:1    | Killed Nikola
 46342 | Elf:2    | Reached XP level 22. HP: 233/233 MP: 22/22
 46613 | Elf:2    | Found a runed translucent gate.
 46614 | Elf:2    | Found a runed translucent gate.
 46614 | Elf:2    | Found a runed translucent gate.
 47190 | Elf:3    | Entered Level 3 of the Elven Halls
 47204 | Elf:3    | Found Xiohihod's Distillery.
 47234 | Elf:3    | Noticed Donald
 47313 | Elf:3    | Killed Donald
 47486 | Elf:3    | Bought a potion of curing for 45 gold pieces
 47486 | Elf:3    | Bought a potion of curing for 45 gold pieces
 47492 | Elf:3    | Found Reassar's Antique Weapon Shop.
 47626 | Elf:3    | Found Qiecroru's Weapon Shoppe.
 47726 | Elf:3    | Identified the +7 chain mail "Bysa" {Dex+3}
 47726 | Elf:3    | Identified the amulet "Epha" {Acrobat Contam Fly rN+}
 47776 | Elf:3    | Identified the +8 quarterstaff "Eqaewner" {freeze, rF+}
 47777 | Elf:3    | Identified the ring of Foolhardiness {rCorr Dex+4}
 47777 | Elf:3    | Identified the +3 leather armour of Ykkira Muhao {Str+3}
 47841 | Elf:3    | Identified the staff of conjuration "Inoinn" {rPois Stlth+}
 47847 | Elf:3    | Identified the +5 hand axe "Voruk" {vamp, Dex+4}
 47875 | Elf:3    | Identified the +2 ring mail "Aqareynuom" {Dex+3}
 48034 | Elf:3    | Found a shimmering blue altar of Sif Muna.
 48515 | Depths:3 | Found a corrupted altar of Lugonu.
 48649 | Depths:4 | Entered Level 4 of the Depths
 48729 | Depths:4 | Found Minilost's Jewellery Shoppe.
 48729 | Depths:4 | Found Kiumn's Book Boutique.
 48731 | Depths:4 | Found Onnem's Jewellery Shoppe.
 48783 | Depths:4 | Found a runed translucent gate.
 48784 | Depths:4 | Found a runed translucent gate.
 48785 | Depths:4 | Found a runed translucent gate.
 48823 | Depths:4 | Reached skill level 15 in Evocations
 48880 | Depths:4 | Found a gate to the Realm of Zot.
 48887 | Depths:4 | Noticed a golden dragon
 48903 | Depths:4 | Killed a golden dragon
 48904 | Depths:4 | Reached skill level 15 in Dodging
 49324 | Depths:4 | Noticed a juggernaut
 49334 | Depths:4 | Killed a juggernaut
 49365 | Depths:4 | Noticed a juggernaut
 49377 | Depths:4 | Killed a juggernaut
 49418 | Depths:4 | Lost mutation: You are highly strong-willed. (Will++)
                  | [Jiyva's grace]
 49418 | Depths:4 | Gained mutation: You are robust. (+10% HP) [Jiyva's grace]
 49418 | Depths:4 | Gained mutation: You are very robust. (+20% HP) [Jiyva's
                  | grace]
 49418 | Depths:4 | Gained mutation: You are extremely robust. (+30% HP)
                  | [Jiyva's grace]
 49418 | Depths:4 | Gained mutation: You are highly strong-willed. (Will++)
                  | [Jiyva's grace]
 49526 | Depths:4 | Noticed a juggernaut
 49534 | Depths:4 | Killed a juggernaut
 49535 | Depths:4 | Reached XP level 23. HP: 312/312 MP: 23/23
 49600 | Depths:4 | Found a snail-covered altar of Cheibriados.
 49697 | Depths:4 | Noticed Barug's ghost (adept TrMo)
 49698 | Depths:4 | Noticed Caat Rau's ghost (adept DgCj)
 49718 | Depths:4 | Killed Barug's ghost
 49722 | Depths:4 | Killed Caat Rau's ghost
 50011 | Vaults:5 | Entered Level 5 of the Vaults
 50029 | Vaults:5 | Noticed a dread lich
 50187 | Vaults:5 | Identified the ring of the Distant Future {rPois rN++ Int-5
                  | Dex+6}
 50333 | Vaults:5 | Noticed an ancient lich
 50339 | Vaults:5 | Killed an ancient lich
 50402 | Vaults:5 | Got a silver rune of Zot
 50426 | Vaults:5 | Identified the +3 buckler of Noon {Str+4 Int+3}
 50486 | Vaults:5 | Identified the +9 shortbow of Summertime {drain, Dex+6}
 50537 | Vaults:4 | Killed a dread lich
 50648 | Vaults:5 | Identified the +0 leather armour of the Garden {*Slow rC+
                  | Will++ Regen+}
 50651 | Vaults:5 | Identified the staff of cold "Leimely" {rC+ Dex+6}
 50855 | Vaults:5 | Identified the +7 morningstar "Yrov" {heavy, rCorr MP+9
                  | Dex-2 Stlth+}
 50968 | Vaults:5 | Identified the +1 helmet of Bun Yff {rC+}
 50989 | Vaults:5 | Found Feozuot's Jewellery Shop.
 50998 | Vaults:5 | Bought the ring "Sifri" {rF+ rN+ Str+5 Dex+4} for 740 gold
                  | pieces
 51147 | Vaults:5 | Identified the ring "Zyny" {rElec rF- rN+ Int+8 Dex+6}
 51565 | Zot:1    | Entered Level 1 of the Realm of Zot
 51610 | Zot:1    | Paralysed by a Zot trap for 3 turns
 51642 | Zot:1    | Reached XP level 24. HP: 303/323 MP: 23/23
 51779 | Zot:1    | Reached skill level 27 in Armour
 51863 | Zot:1    | Identified the +2 longbow "Nodyeqiw" {heavy, rF+ rCorr
                  | Dex+5}
 51944 | Zot:1    | Identified the +0 scale mail of Greed {Int+3 Dex+5}
 52702 | Zot:2    | Lost mutation: You are completely covered in iridescent
                  | scales. (AC +6) [Jiyva's grace]
 52702 | Zot:2    | Lost mutation: You are highly strong-willed. (Will++)
                  | [Jiyva's grace]
 52702 | Zot:2    | Lost mutation: Your body has grown eyes which may confuse
                  | attackers. (Acc +3) [Jiyva's grace]
 52702 | Zot:2    | Gained mutation: You are completely covered in iridescent
                  | scales. (AC +6) [Jiyva's grace]
 52702 | Zot:2    | Gained mutation: Your mind is acute. (Int +4, Str/Dex -1)
                  | [Jiyva's grace]
 52702 | Zot:2    | Gained mutation: Your mind is very acute. (Int +8, Str/Dex
                  | -2) [Jiyva's grace]
 52702 | Zot:2    | Gained mutation: You are covered in slimy tendrils that may
                  | disarm your opponents. [Jiyva's grace]
 53162 | Zot:3    | Got The Octavo of Greatest Risks and Utility
 54746 | Zot:4    | Lost mutation: You are completely covered in iridescent
                  | scales. (AC +6) [Jiyva's grace]
 54746 | Zot:4    | Lost mutation: You are strong-willed. (Will+) [Jiyva's
                  | grace]
 54746 | Zot:4    | Lost mutation: You are somewhat resistant to both further
                  | mutation and mutation removal. [Jiyva's grace]
 54746 | Zot:4    | Lost mutation: You are extremely robust. (+30% HP) [Jiyva's
                  | grace]
 54746 | Zot:4    | Lost mutation: You are very robust. (+20% HP) [Jiyva's
                  | grace]
 54746 | Zot:4    | Gained mutation: You are somewhat resistant to both further
                  | mutation and mutation removal. [Jiyva's grace]
 54746 | Zot:4    | Gained mutation: You are almost entirely resistant to
                  | further mutation and mutation removal. [Jiyva's grace]
 54746 | Zot:4    | Gained mutation: Your flesh is cold resistant. (rC+)
                  | [Jiyva's grace]
 54746 | Zot:4    | Gained mutation: Your flesh is very cold resistant. (rC++)
                  | [Jiyva's grace]
 54882 | Zot:4    | Acquired 448 gold pieces
 55062 | Zot:5    | Entered Level 5 of the Realm of Zot
 55142 | Zot:5    | Found Bosaysmuu's Changing Room.
 55153 | Zot:5    | Bought a potion of mutation for 208 gold pieces
 55357 | Zot:5    | Reached XP level 25. HP: 243/282 MP: 23/23
 55580 | Zot:5    | Noticed a Killer Klown
 55605 | Zot:5    | Killed a Killer Klown
 55635 | Zot:5    | Noticed an orb of fire
 55653 | Zot:5    | Killed an orb of fire
 55703 | Zot:5    | Noticed a Killer Klown
 55736 | Zot:5    | Killed a Killer Klown
 55767 | Zot:5    | Noticed a Killer Klown
 55771 | Zot:5    | Noticed a dread lich
 55778 | Zot:5    | Noticed an orb of fire
 55780 | Zot:5    | Noticed a Killer Klown
 55813 | Zot:5    | Killed an orb of fire
 55814 | Zot:5    | Paralysed by a dread lich for 4 turns
 55818 | Zot:5    | Killed a Killer Klown
 55820 | Zot:5    | Killed a dread lich
 55850 | Zot:5    | Killed a Killer Klown
 55850 | Zot:5    | Noticed an orb of fire
 55959 | Zot:5    | Killed an orb of fire
 56203 | Zot:5    | Noticed a Killer Klown
 56214 | Zot:5    | Noticed an orb of fire
 56215 | Zot:5    | Killed a Killer Klown
 56215 | Zot:5    | Noticed a Killer Klown
 56398 | Zot:5    | Found Bosaysmuu's Changing Room.
 56578 | Zot:5    | Noticed an orb of fire
 56587 | Zot:5    | Killed an orb of fire
 56597 | Zot:5    | Killed an orb of fire
 56613 | Zot:5    | Killed a Killer Klown
 57092 | Hell     | Entered the Vestibule of Hell
 57092 | Hell     | Noticed Geryon
 57244 | Hell     | Killed Geryon
 57399 | Hell     | Found a gateway to the freezing wastes of Cocytus.
 57559 | Hell     | Found a gateway to the Iron City of Dis.
 57622 | Hell     | Found a gateway to the ashen valley of Gehenna.
 57736 | Hell     | Found a gateway to the decaying netherworld of Tartarus.
 57867 | Depths:1 | Voluntarily entered the Abyss.
 57919 | Abyss:1  | Found a blossoming altar of Fedhas.
 57926 | Abyss:1  | Found a blossoming altar of Fedhas.
 58073 | Abyss:1  | Found a corrupted altar of Lugonu.
 58255 | Abyss:1  | Reached XP level 26. HP: 292/292 MP: 23/23
 58277 | Abyss:1  | Lost mutation: You are mostly covered in iridescent scales.
                  | (AC +4) [Jiyva's grace]
 58277 | Abyss:1  | Lost mutation: Your mind is very acute. (Int +8, Str/Dex
                  | -2) [Jiyva's grace]
 58277 | Abyss:1  | Lost mutation: Your mind is acute. (Int +4, Str/Dex -1)
                  | [Jiyva's grace]
 58277 | Abyss:1  | Gained mutation: You are partially covered in large bone
                  | plates. (SH +4) [Jiyva's grace]
 58277 | Abyss:1  | Gained mutation: You are mostly covered in large bone
                  | plates. (SH +6) [Jiyva's grace]
 58277 | Abyss:1  | Gained mutation: You are completely covered in large bone
                  | plates. (SH +8) [Jiyva's grace]
 58277 | Abyss:1  | Gained mutation: You possess an exceptional clarity of
                  | mind. [Jiyva's grace]
 58289 | Abyss:1  | Found a corrupted altar of Lugonu.
 58452 | Abyss:1  | Found a corrupted altar of Lugonu.
 58540 | Abyss:1  | Found a corrupted altar of Lugonu.
 58606 | Abyss:1  | Found a runed door.
 58606 | Abyss:1  | Found a corrupted altar of Lugonu.
 58607 | Abyss:1  | Found a huge runed gate.
 58608 | Abyss:1  | Found a huge runed gate.
 58608 | Abyss:1  | Found a huge runed gate.
 58609 | Abyss:1  | Found a huge runed gate.
 58610 | Abyss:1  | Found a huge runed gate.
 58612 | Abyss:1  | Found a huge runed gate.
 58613 | Abyss:1  | Found a runed door.
 58613 | Abyss:1  | Found a huge runed gate.
 58613 | Abyss:1  | Found a huge runed gate.
 58613 | Abyss:1  | Found a huge runed gate.
 58613 | Abyss:1  | Found a huge runed gate.
 58613 | Abyss:1  | Found a huge runed gate.
 58613 | Abyss:1  | Found a corrupted altar of Lugonu.
 58613 | Abyss:1  | Found a runed door.
 58613 | Abyss:1  | Found a huge runed gate.
 58613 | Abyss:1  | Found a huge runed gate.
 58613 | Abyss:1  | Found a huge runed gate.
 58613 | Abyss:1  | Found a huge runed gate.
 58613 | Abyss:1  | Found a huge runed gate.
 58613 | Abyss:1  | Found a corrupted altar of Lugonu.
 58930 | Abyss:3  | Found a corrupted altar of Lugonu.
 59270 | Abyss:3  | Lost mutation: You are partially covered in iridescent
                  | scales. (AC +2) [Jiyva's grace]
 59270 | Abyss:3  | Lost mutation: Your flesh is very cold resistant. (rC++)
                  | [Jiyva's grace]
 59270 | Abyss:3  | Gained mutation: You are covered in fur. (AC +1) [Jiyva's
                  | grace]
 59270 | Abyss:3  | Gained mutation: You are covered in thick fur. (AC +2)
                  | [Jiyva's grace]
 59270 | Abyss:3  | Gained mutation: Your thick and shaggy fur keeps you warm.
                  | (AC +3, rC+) [Jiyva's grace]
 59270 | Abyss:3  | Gained mutation: You expend magic power (3 MP) to
                  | strengthen your wands. [Jiyva's grace]
 59270 | Abyss:3  | Found a corrupted altar of Lugonu.
 60068 | Abyss:3  | Got an abyssal rune of Zot
 60212 | Abyss:3  | Noticed a dread lich
 60224 | Abyss:3  | Killed a dread lich
 60233 | Depths:1 | Escaped the Abyss
 60273 | Pan      | Entered Pandemonium
 60400 | Pan      | Got the Guide on Energy and the Rocks
 60515 | Pan      | Lost mutation: You are completely covered in large bone
                  | plates. (SH +8) [Jiyva's grace]
 60515 | Pan      | Lost mutation: You are almost entirely resistant to further
                  | mutation and mutation removal. [Jiyva's grace]
 60515 | Pan      | Lost mutation: You are somewhat resistant to both further
                  | mutation and mutation removal. [Jiyva's grace]
 60515 | Pan      | Lost mutation: You are robust. (+10% HP) [Jiyva's grace]
 60515 | Pan      | Lost mutation: You are covered in slimy tendrils that may
                  | disarm your opponents. [Jiyva's grace]
 60515 | Pan      | Gained mutation: You are partially covered in iridescent
                  | scales. (AC +2) [Jiyva's grace]
 60515 | Pan      | Gained mutation: You are mostly covered in iridescent
                  | scales. (AC +4) [Jiyva's grace]
 60515 | Pan      | Gained mutation: You are completely covered in iridescent
                  | scales. (AC +6) [Jiyva's grace]
 60515 | Pan      | Gained mutation: You are covered in slimy tendrils that may
                  | disarm your opponents. [Jiyva's grace]
 60820 | Pan      | Gained mutation: Your magical capacity is low. (-10% MP) [a
                  | neqoxec]
 60824 | Pan      | Noticed Useaxta the pandemonium lord
 60846 | Pan      | Killed Useaxta the pandemonium lord
 60926 | Pan      | Found a runed translucent door.
 60945 | Pan      | Got a demonic rune of Zot
 61181 | Pan      | Noticed Suepsaz the pandemonium lord
 61188 | Pan      | Reached XP level 27. HP: 272/272 MP: 21/21
 61211 | Pan      | Killed Suepsaz the pandemonium lord
 61733 | Pan      | Lost mutation: You are covered in slimy tendrils that may
                  | disarm your opponents. [a cacodemon]
 61885 | Pan      | Lost mutation: You are completely covered in iridescent
                  | scales. (AC +6) [Jiyva's grace]
 61885 | Pan      | Lost mutation: You are mostly covered in iridescent scales.
                  | (AC +4) [Jiyva's grace]
 61885 | Pan      | Gained mutation: Your melee attacks may engulf your foes in
                  | ooze. [Jiyva's grace]
 61885 | Pan      | Gained mutation: You have a pair of large horns on your
                  | head. [Jiyva's grace]
 61885 | Pan      | Gained mutation: You are agile. (Dex +4, Str/Int -1)
                  | [Jiyva's grace]
 61885 | Pan      | Gained mutation: You are very agile. (Dex +8, Str/Int -2)
                  | [Jiyva's grace]
 61889 | Pan      | Entered the realm of Gloorx Vloq.
 62028 | Pan      | Noticed Ignacio
 62047 | Pan      | Killed Ignacio
 62324 | Pan      | Noticed Gloorx Vloq
 62343 | Pan      | Killed Gloorx Vloq
 62364 | Pan      | Got a dark rune of Zot
 62715 | Pan      | Noticed Fynen the pandemonium lord
 62731 | Pan      | Killed Fynen the pandemonium lord
 62921 | Pan      | Entered the realm of Lom Lobon.
 63126 | Pan      | Lost mutation: You have a pair of large horns on your head.
                  | [Jiyva's grace]
 63126 | Pan      | Lost mutation: You are partially covered in iridescent
                  | scales. (AC +2) [Jiyva's grace]
 63126 | Pan      | Lost mutation: You are mostly covered in large bone plates.
                  | (SH +6) [Jiyva's grace]
 63126 | Pan      | Lost mutation: You possess an exceptional clarity of mind.
                  | [Jiyva's grace]
 63126 | Pan      | Lost mutation: Your flesh is cold resistant. (rC+) [Jiyva's
                  | grace]
 63126 | Pan      | Lost mutation: You are somewhat resistant to further
                  | mutation. [Jiyva's grace]
 63126 | Pan      | Lost mutation: Your thick and shaggy fur keeps you warm.
                  | (AC +3, rC+) [Jiyva's grace]
 63126 | Pan      | Lost mutation: You are covered in thick fur. (AC +2)
                  | [Jiyva's grace]
 63126 | Pan      | Gained mutation: You have hidden genetic potential.
                  | [Jiyva's grace]
 63126 | Pan      | Gained mutation: You have great hidden genetic potential.
                  | [Jiyva's grace]
 63126 | Pan      | Gained mutation: You are robust. (+10% HP) [Jiyva's grace]
 63126 | Pan      | Gained mutation: You are very robust. (+20% HP) [Jiyva's
                  | grace]
 63178 | Pan      | Noticed Lom Lobon
 63210 | Pan      | Killed Lom Lobon
 63214 | Pan      | Got a magical rune of Zot
 63329 | Pan      | Gained mutation: You occasionally lose the ability to read
                  | scrolls when taking damage. [a cacodemon]
 63335 | Pan      | Gained mutation: You are vulnerable to cold. (rC-) [a
                  | cacodemon]
 63378 | Pan      | Entered the realm of Cerebov.
 63500 | Pan      | Identified the +10 great mace of Welfare {flame, Will+}
 63544 | Pan      | Identified the staff of air "Xeot" {rElec rC++}
 63629 | Pan      | Found the +6 sword of Cerebov {flame}
 63629 | Pan      | Noticed Cerebov
 63668 | Pan      | Identified the +5 flail of Upheaval {pain, Int+4}
 63670 | Pan      | Killed Cerebov
 63779 | Pan      | Got a fiery rune of Zot
 63795 | Pan      | Identified the ring of Bidushi {rC+ Slay+4}
 63800 | Pan      | Identified the +1 scale mail "Gonown" {Rampage rC- Dex-5
                  | Stlth+}
 63926 | Pan      | Found an exit through the horrors of the Abyss.
 63979 | Pan      | Reached skill level 27 in Shields
 63979 | Pan      | Noticed Xaydok the pandemonium lord
 63989 | Pan      | HP: 4/327 [reaper/+1 scythe of venom (18)]
 63994 | Pan      | HP: 13/327 [??? (8)]
 64007 | Pan      | Killed Xaydok the pandemonium lord
 64016 | Pan      | Killed from afar by a Hell Sentinel

Illustrated notes

Levels and vault maps discovered:
D:1:      lemuel_arrival_broad_hall, layout_basic, serial_shops, shop_fountains
D:2:      layout_rooms, shapermc_ecumenical_altar_mp_vishouse, uniq_jessica,
          uniq_sigmund, uniq_terence
D:3:      layout_basic, nicolae_gozag_cash_rules_everything_around_me,
          serial_rivers, chequers_serial_rivers_micro_a,
          chequers_serial_rivers_small_3, chequers_serial_rivers_small_b,
          chequers_serial_rivers_micro_e, chequers_serial_rivers_small_a,
          chequers_serial_rivers_large_b, serial_shops, shop,
          nicolae_shop_real_fake_doors, shop, shop_statue, shop
D:4:      layout_rooms, minmay_temple_entry_glassed_door
D:5:      corexii_shantytown, layout_loops_cross, uniq_edmund
D:6:      layout_basic, nicolae_ru_great_annihilating_truth,
          minmay_misc_feat_cross, uniq_duvessa, uniq_grinder, uniq_blork_the_orc
D:7:      corexii_shack_village, layout_cave_pods,
          nicolae_qazlal_beasts_of_the_sky, enter_bailey_7, due_unseen_surprise
D:8:      layout_rooms, uniq_joseph
D:9:      cheibrodos_barr_body, layout_basic, old_standard_altar,
          lemuel_tele_altar, minmay_checkerbox
D:10:     layout_roguey, minmay_strange_pillars, grunt_decor_fettered,
          minmay_fractal_squares_diagonal_5
D:11:     minmay_cornered_nines, layout_basic, erik_lair_island,
          maelrawn_ghost_gauntlet_escape
D:12:     layout_rooms, gauntlet_entry_generic, kennysheep_potato,
          uniq_josephine
D:13:     layout_basic, lightli_vaults_fourway_checkpoint,
          kennysheep_small_circle
D:14:     layout_long_grid, nicolae_uskayaw_dance_hall, minmay_misc_feat_rows,
          uniq_agnes, uniq_azrael, uniq_nessos
D:15:     hangedman_depths_entry_try_elsewhere_first, layout_basic,
          chequers_big_river
Lair:1:   layout_long_grid, beast_lair_carwin_7, grunt_megastairs_3,
          infiniplex_staircase_pool
Lair:2:   layout_hall_layers, minmay_shoals_entry_beasts,
          minmay_snake_entry_guardpost_medium, basic_altar, worms_lemuel,
          uniq_gastronok
Lair:3:   layout_cave_shapes, ebering_ghost_disaster_area, lemuel_fruit_tree
Lair:4:   layout_roguey, beast_lair_carwin_3, uniq_kirke, uniq_rupert,
          uniq_sonja
Lair:5:   hangedman_lair_in_review, layout_regular_city,
          nicolae_slime_entry_field_trip, chequers_serial_rivers_room_a,
          grunt_forest_stairs_basic, minivault_27
Shoals:1: layout_shoals, serial_shops, shop, ldierk_geyser, uniq_aizul
Shoals:2: layout_shoals, serial_shops, nicolae_shop_peninsula, uniq_mlioglotl
Shoals:3: layout_shoals, portal_ice_cave_entry_ice_statue_two
Shoals:4: shoals_end_grunt_ice, layout_shoals, nicolae_shoals_cliffside_cave
Snake:1:  layout_basic, gammafunk_ghost_arena
Snake:2:  layout_cave_pods
Snake:3:  layout_chambers, minmay_shop_star, grunt_megastairs_2
Snake:4:  snake_pit, layout_cave_town, nicolae_shop_firing_range
Slime:1:  layout_caves
Slime:2:  layout_caves, amcnicky_altar_lugonu_corruption
Slime:3:  layout_caves, dissolution_awaits
Slime:4:  layout_caves
Slime:5:  uniq_dissolution
Orc:1:    layout_caves
Orc:2:    st_orc_rangers, layout_caves, basic_altar, uniq_erolcha,
          uniq_saint_roka, uniq_jorgrun
Elf:1:    eino_elf_arrival_altar, layout_gridlike, minmay_elf_crystal_hexagon,
          uniq_nikola
Elf:2:    nicolae_elf_blades_crystal_corner, layout_onion_city
Elf:3:    minmay_elf_hall_statues, layout_loops_ring, serial_shops,
          nicolae_lakefront_shop, nicolae_shop_industrial_runoff,
          nicolae_square_shop, hangedman_summoners_spam, uniq_donald
Vaults:1: v_misc_31, grunt_vaults_hallway_short, v_alt_pattern_5,
          vaults_mumra_lcd, vaults_dpeg_cross, door_vault,
          nicolae_vaults_little_squares_3, vaults_room_pool,
          layout_vaults_omnigrid, serial_shops,
          nicolae_shop_bloodbath_and_beyond
Vaults:2: vaults_room_pools, vaults_room_fours, nicolae_vaults_network_s,
          nicolae_vaults_network_square, nicolae_vaults_house_2,
          nicolae_vaults_surprise_closet, vaults_standard_mumra_lines,
          nicolae_vaults_oval_intersection, vaults_room_glass_cross, v_misc_14,
          grunt_vaults_diagonal, layout_vaults_ring, serial_shops,
          nicolae_shop_overgrown_old_shop,
          nicolae_shop_temple_entry_statues_fountains,
          nicolae_shop_pleasant_corner_grove, shop, shop
Vaults:3: nicolae_vaults_shelves_hall, nicolae_vaults_quadrants,
          minmay_crypt_entry_simple_walls, nicolae_vaults_trapezoid_lopsided_4,
          nicolae_vaults_closet_pinwheel_2, v_alt_pattern_4,
          vaults_mumra_hexcomb, v_misc_30, nicolae_vaults_tetromino_L_1,
          nicolae_vaults_trapezoid_2, nicolae_vaults_specimen_jars,
          layout_vaults_big_room, serial_shops, shop, shop, shop
Vaults:4: vaults_room_door_ring, vaults_room_large_hall,
          nicolae_vaults_trapezoid_layered, nicolae_vaults_tangram_2,
          dpeg_vaults_monster_box, ontoclasm_vaults_ligature,
          vaults_dpeg_encased_lava, hangedman_vaults_maws,
          nicolae_vaults_frosty_reception, nicolae_vaults_tetromino_Z_2,
          vaults_dpeg_hooks, v_misc_19, vaults_room_ringed_pool,
          hangedman_vaults_pinch, nicolae_vaults_more_shelving_1,
          hangedman_vaults_restitches, nicolae_vaults_two_Ls, v_misc_22,
          layout_vaults_maze, serial_shops, nicolae_shop_tiny_real_fake_doors
Vaults:5
Depths:1: layout_basic, enter_ziggurat_c, abyss_entry, hellmouth_3,
          serial_bayou_lagoon_a, hex_intersection, grunt_decor_clamped,
          minivault_16, nicolae_concentric_dashed_squares_mild, tgw_xom
Depths:2: regret_index_qazlal_generations, layout_basic, fountainhead,
          serial_aquarium, aquarium_bridge_square [aquarium_subvault_wall,
          aquarium_subvault_bridge, aquarium_subvault_bridge,
          aquarium_subvault_wall], aquarium_window_1, aquarium_window_fake,
          aquarium_window_corner, aquarium_view_2d, aquarium_balcony_double_4,
          pf_vacation_house_of_asmodeus, rand_demon_pan_entry_3
Depths:3: minmay_sliced_demisemicircle, layout_cave_pools, grunt_hell_horde,
          abyss_entry_flame_altar, serial_bayou_shore_b, serial_bayou_shore_b,
          serial_bayou_shore_b
Depths:4: grunt_zot_entry_tricorne, layout_honeycomb, minmay_misc_feat_x,
          gammafunk_ghost_cemetery, grunt_hell_entry_dis_grunt, st_stairs_3,
          cheibriados_altar_1, minmay_shop_grove
Hell
Zot:1:    layout_onion_interference
Zot:2:    layout_onion
Zot:3:    layout_twisted_circle, bh_zot_ikea_curve
Zot:4:    grunt_twist_and_shout, layout_cathedral_of_symmetry
Zot:5:    layout_twisted_circle, nicolae_transmutations_shop
Pan:      regret_index_pan_draining_boxed, layout_chambers,
          pan_blood_fountain_small, grunt_pan_frozen_over, layout_gridlike,
          lemuel_hellion_island, layout_grid_shapes,
          nicolae_pan_gloorx_vloqian_4, rand_demon_1, layout_basic,
          evilmike_mini_pan_doors_b, layout_gridlike, grunt_pan_spiral,
          layout_small_grid, gloorx_vloq, layout_chambers, uniq_ignacio,
          nicolae_pan_gloorx_vloqian_3, rand_demon_3, layout_chambers,
          nicolae_pan_sigil_eeng, nicolae_pan_double_arrow, layout_chambers,
          uniq_mennas_pan, lom_lobon, layout_grid_shapes,
          pan_blood_fountain_small, pan_disco_hall, layout_gridville,
          cerebov_grunt_fire_and_steel, layout_gridlike, pan_blood_fountain_2,
          evilmike_mini_pan_pillars_b, layout_rooms

Skill      XL: |  1  2  3  4  5  6  7  8  9 10 11 12 13 14 15 16 17 18 19 20 21 22 23 24 25 26 27 |
---------------+----------------------------------------------------------------------------------+-----
Long Blades    | 4 5 8 9 |  9.0
Fighting       | 5 7 8 10 12 13 16 19 20 23 26 27 | 27.0
Axes           | 3 7 11 13 14 16 18 | 18.0
Armour         | 2 4 6 8 10 12 15 16 17 18 20 21 23 26 27 | 27.0
Dodging        | 3 4 7 10 11 12 15 17 19 21 23 | 23.0
Evocations     | 4 5 6 10 12 13 16 17 18 19 21 22 | 22.4
Shields        | 8 13 17 18 20 21 23 25 27 | 27.0
Spellcasting   | |  1.0
Fire Magic     | |  2.1

Action                     |  1- 3 |  4- 6 |  7- 9 | 10-12 | 13-15 | 16-18 | 19-21 | 22-24 | 25-27 || total
---------------------------+-------+-------+-------+-------+-------+-------+-------+-------+-------++-------
  Melee: Falchion          |    97 |   117 |       |       |       |       |       |       |       ||   214
         Headbutt          |     6 |    23 |    54 |    92 |   211 |   310 |   361 |   499 |   733 ||  2289
         Hand axe          |       |    39 |   257 |    77 |       |       |       |       |       ||   373
         Punch             |       |       |     4 |     5 |    10 |       |       |       |       ||    19
         Broad axe         |       |       |       |   403 |   887 |  1117 |  1184 |  1536 |  2161 ||  7288
         Scimitar          |       |       |       |     5 |    41 |       |       |       |       ||    46
         Bite              |       |       |       |       |       |       |    46 |       |       ||    46
         Pseudopods        |       |       |       |       |       |       |    99 |       |       ||    99
 Invoke: Fiery Armour      |     1 |       |     1 |     2 |     4 |       |       |       |       ||     8
         Foxfire Swarm     |       |       |       |       |     3 |       |       |       |       ||     3
         Slimify           |       |       |       |       |       |       |     1 |       |     4 ||     5
         Oozemancy         |       |       |       |       |       |       |       |       |     3 ||     3
  Evoke: Wand              |       |       |     4 |     5 |    12 |       |     1 |       |     2 ||    24
         Horn of Geryon    |       |       |       |       |       |       |       |       |     1 ||     1
         Box of beasts     |       |       |       |       |       |       |       |       |     1 ||     1
    Use: Scroll            |       |       |     6 |    20 |    14 |     4 |    12 |    13 |     6 ||    75
         Potion            |       |       |       |       |     1 |    11 |     2 |     4 |    39 ||    57
   Stab: Invisible         |       |       |     1 |       |       |     4 |       |       |     4 ||     9
         Distracted        |       |       |       |       |       |       |     1 |       |     4 ||     5
         Confused          |       |       |       |       |       |       |       |    12 |       ||    12
 Armour: Robe              |     6 |       |       |       |       |       |       |       |       ||     6
         Ring mail         |    18 |     3 |       |       |       |       |       |       |       ||    21
         Chain mail        |       |    62 |    33 |       |       |       |       |       |       ||    95
         Plate armour      |       |       |    85 |   349 |   659 |   424 |   326 |       |       ||  1843
         Gold dragon scale |       |       |       |       |       |       |    15 |   730 |   750 ||  1495
  Dodge: Dodged            |    48 |    61 |    60 |   151 |   471 |   372 |   351 |   556 |   803 ||  2873
  Block: Other             |    14 |    25 |    55 |    99 |   194 |       |       |       |       ||   387
         Reflection        |       |     1 |     1 |     2 |    32 |   137 |       |       |       ||   173
         Kite shield       |       |       |       |       |    76 |   956 |   791 |   990 |  1839 ||  4652
